 Dungeon Crawl Stone Soup version 0.26-a0-40-gfe7b5d5a6f (webtiles) character file.

Game seed: 2682169555722653829, levelgen mode: deterministic

18669 rituel the Cleaver (level 12, 0/93 HPs)
             Began as a Formicid Abyssal Knight on May 31, 2020.
             Was a High Priest of Lugonu.
             Slain by a komodo dragon (21 damage)
             ... on level 1 of the Lair of Beasts.
             The game lasted 00:54:03 (17700 turns).

rituel the Cleaver (Formicid Abyssal Knight)       Turns: 17700, Time: 00:54:04

Health: 0/93       AC: 20    Str: 26    XL:     12   Next: 98%
Magic:  18/18      EV: 10    Int: 16    God:    Lugonu [*****.]
Gold:   304        SH:  4    Dex: 13    Spells: 11/11 levels left

rFire    + . .     SeeInvis +   Y - +2 demon whip (vorpal)
rCold    . . .     Gourm    .   L - +0 buckler
rNeg     . . .     Faith    .   s - +2 scale mail {rF+}
rPois    .         Spirit   .   (helmet unavailable)
rElec    .         Reflect  .   D - +0 cloak "Garuubuf" {Str+2 Dex+3}
rCorr    .         Harm     .   w - +0 pair of gloves
MR       +....                  t - +2 pair of boots
Stlth    ..........             x - amulet of magic regeneration
HPRegen  0.25/turn              e - +6 ring of strength
MPRegen  0.41/turn              I - +4 ring of protection

@: no status effects
A: permanent stasis, dig shafts and tunnels, four strong arms, antennae 3
a: Dig, Shaft Self, Depart the Abyss, Bend Space, Banish, Corrupt, Enter the
Abyss, Renounce Religion


You were on level 1 of the Lair of Beasts.
You worshipped Lugonu.
Lugonu was extremely pleased with you.
You were not hungry.

You visited 2 branches of the dungeon, and saw 13 of its levels.
You visited the Abyss 1 time.
You also visited: Sewer.

You collected 916 gold pieces.
You spent 612 gold pieces at shops.

Inventory:

Hand Weapons
 B - a +2 hand axe of electrocution
 J - a +0 battleaxe
 M - a +4 short sword of venom
 Y - a +2 vorpal demon whip (weapon)
Missiles
 n - 28 poisoned darts (quivered)
 q - 4 boomerangs of dispersal
Armour
 s - a +2 scale mail of fire resistance (worn)
 t - a +2 pair of boots (worn)
 w - a +0 pair of gloves (worn)
 D - the +0 cloak "Garuubuf" (worn) {Str+2 Dex+3}
   (You acquired it on level 10 of the Dungeon)

   It affects your strength (+2).
   It affects your dexterity (+3).
 L - a +0 buckler (worn)
Jewellery
 e - a +6 ring of strength (left hand)
 x - an amulet of magic regeneration (around neck)
 C - an uncursed ring of fire
 H - an uncursed ring of wizardry
 I - a +4 ring of protection (right hand)
 W - an uncursed ring of see invisible
 X - an uncursed ring of ice
Wands
 a - a wand of iceblast (18)
 g - a wand of polymorph (28)
 i - a wand of digging (3)
 l - a wand of paralysis (7)
 p - a wand of enslavement (4)
 y - a wand of disintegration (16)
 F - a wand of flame (50)
 N - a wand of acid (13)
 Q - a wand of clouds (2)
 Z - a wand of random effects (17)
Scrolls
 b - 4 scrolls of amnesia
 d - 13 scrolls of remove curse
 k - 3 scrolls of magic mapping
 o - 3 scrolls of blinking
 r - 3 scrolls of enchant armour
 u - a scroll of immolation
 G - a scroll of identify
 P - a scroll of vulnerability {unknown}
 S - 2 scrolls of fear {unknown}
 T - a scroll of fog {unknown}
 U - a scroll of summoning {unknown}
 V - 2 scrolls of torment
Potions
 f - a potion of heal wounds
 h - a potion of berserk rage {unknown}
 j - 3 potions of might {unknown}
 m - 4 potions of curing {unknown}
 v - 2 potions of lignification
 z - a potion of haste
 A - a potion of magic {unknown}
 E - 3 potions of flight {unknown}
 K - a potion of degeneration {unknown}
 O - 2 potions of stabbing {unknown}
Comestibles
 c - 33 rations


   Skills:
 - Level 8.2 Fighting
 - Level 10.0(10.7) Axes
 - Level 5.9(8.8) Maces & Flails
 - Level 8.5 Throwing
 + Level 9.0 Armour
 - Level 0.8 Dodging
 - Level 2.9 Shields
 - Level 9.1 Invocations
 - Level 7.5 Evocations


You had 11 spell levels left.
You didn't know any spells.
Your spell library contained the following spells:

 Spells                   Type           Power        Failure   Level  Hunger
 Freeze                   Ice            #...         45%         1    ##.....
 Frozen Ramparts          Ice            #.....       83%         3    ####...
 Ozocubu's Armour         Chrm/Ice       #.......     83%         3    ####...
 Hailstorm                Conj/Ice       #.......     99%         4    #####..
 Summon Ice Beast         Ice/Summ       #.......     99%         4    #####..


Dungeon Overview and Level Annotations

Branches:
Dungeon (11/15)            Temple (0/1) D:7            Lair (2/6) D:11
    Orc (0/2) D:11          Sewer (visited)
  Swamp: Lair:2-4    Shoals: Lair:2-4     Snake: Lair:2-4    Spider: Lair:2-4

Altars:
Ashenzari
Dithmenos
Makhleb
Okawaru
Qazlal
Ru
Uskayaw
Yredelemnul
Beogh

Shops:
D:4 %*(   D:9 *   D:10 *   D:11 [

Annotations:
D:7 corrupted
D:9 2 runed translucent doors
Lair:2 corrupted


Innate Abilities, Weirdness & Mutations

You cannot be hasted, slowed, berserked, paralysed or teleported.
You can dig through walls and to a lower floor.
Your four strong arms can wield two-handed weapons with a shield.
You have a pair of large antennae on your head. (SInv)


Message History

The komodo dragon resists with some effort.
Evoke which item? (* to show all) (? for menu, Esc to quit)
Aiming: Paralyse
Press: ? - help, Shift-Dir - straight line, f/p - komodo dragon
Aim: a komodo dragon (moderately wounded, extremely poisoned, chance to defeat MR: 50%)
The komodo dragon resists with some effort.
The komodo dragon barely misses you.
Evoke which item? (* to show all) (? for menu, Esc to quit)
Aiming: Corrosive Bolt
Press: ? - help, Shift-Dir - straight line, f/p - komodo dragon
Aim: a komodo dragon (moderately wounded, extremely poisoned)
The bolt of acid hits the komodo dragon!
The komodo dragon is splashed with acid.
The acid corrodes the komodo dragon!
The komodo dragon is severely wounded.
The komodo dragon closely misses you.
You barely miss the komodo dragon.
The komodo dragon is severely wounded.
The komodo dragon bites you!!
You die...

# ###P###
.......###
.......@.##
..^...l...###
............#
............#
..........%.#
...........##
.(........##
(.......>##
.......##


You could see a komodo dragon (very poisoned, corroded).

Vanquished Creatures
  A hydra (D:11)
  Fannar (D:10)
  Erica (D:9)
  3 two-headed ogres
  2 oklob plants (D:11)
  Maurice (D:10)
  A black mamba (Lair:1)
  Joseph (D:9)
  A gargoyle (D:11)
  3 komodo dragons
  A hornet (D:11)
  2 hippogriffs (D:9)
  Sigmund (D:5)
  A spriggan (D:8)
  13 yaks
  2 vampires (D:10)
  2 basilisks
  A hungry ghost (D:9)
  A porcupine (Lair:2)
  13 water moccasins
  6 orc warriors
  3 ice beasts
  5 sky beasts
  2 black bears
  5 ogres
  3 phantoms
  2 necrophages
  9 centaurs
  10 wolves (Lair:2)
  2 big kobolds (D:10)
  8 bullfrogs
  5 killer bees
  3 wights (D:10)
  An electric eel (D:10)
  3 crimson imps
  2 bullfrog zombies (D:10)
  A quasit (D:11)
  A hound (D:11)
  2 jellies
  10 orc priests
  13 orc wizards
  A bullfrog skeleton (D:10)
  2 centaur skeletons
  3 iguanas
  6 worker ants
  2 hound zombies
  32 adders
  2 river rats (D:5)
  3 shadow imps
  7 oozes (Sewer)
  An adder skeleton (D:9)
  A worm (D:2)
  2 dart slugs (D:2)
  14 leopard geckos
  64 orcs
  5 bats
  11 giant cockroaches
  8 goblins
  5 hobgoblins
  24 jackals
  15 kobolds
  2 quokkas
  17 ball pythons
  13 frilled lizards
  A giant cockroach zombie (D:5)
  2 quokka zombies (D:5)
  8 rats
  3 plants (D:11)
402 creatures vanquished.

Vanquished Creatures (others)
  A spriggan (Lair:2)
  An unseen horror (D:10)
  A komodo dragon (Lair:2)
  A hornet (Lair:2)
  A basilisk (Lair:2)
  An orc warrior (D:7)
  19 wolves (Lair:2)
  4 killer bees (D:7)
  A bullfrog zombie (D:7)
  2 orc priests (D:7)
  A worker ant zombie (D:7)
  2 adders (D:7)
  2 adder skeletons (D:7)
  6 orcs (D:7)
  2 fungi
  A plant (Lair:2)
  7 starspawn tentacles (Lair:2)
53 creatures vanquished.

Grand Total: 455 creatures vanquished

Notes
Turn   | Place    | Note
-------+----------+-------------------------------------------
     0 | Abyss:1  | rituel the Formicid Abyssal Knight began the quest for the
                  | Orb.
     0 | Abyss:1  | Reached XP level 1. HP: 18/18 MP: 2/2
    49 | Abyss:1  | Noticed a thrashing horror
    52 | D:1      | Escaped the Abyss
   103 | D:1      | Reached * piety under Lugonu
   119 | D:1      | Reached XP level 2. HP: 12/24 MP: 3/3
   444 | D:1      | Reached skill level 3 in Axes
   695 | D:1      | Reached XP level 3. HP: 28/29 MP: 4/4
  1498 | D:2      | Reached skill level 4 in Axes
  1498 | D:2      | Reached XP level 4. HP: 32/35 MP: 5/5
  1917 | D:2      | Reached ** piety under Lugonu
  2606 | D:3      | Reached XP level 5. HP: 30/41 MP: 6/6
  2743 | D:3      | Found a faded altar of an unknown god.
  3429 | D:4      | Found Wubicaef's Weapon Emporium.
  3487 | D:4      | Reached skill level 1 in Throwing
  3581 | D:4      | Found Fymuenay's Assorted Antiques.
  3646 | D:4      | Found Wutzaxkama's Food Emporium.
  3699 | D:4      | Reached XP level 6. HP: 45/47 MP: 7/7
  3907 | D:4      | Found a stormy altar of Qazlal.
  3907 | D:4      | Found a faded altar of an unknown god.
  3913 | D:4      | Found a faded altar of an unknown god.
  3915 | D:4      | Found a shattered altar of Ashenzari.
  3916 | D:4      | Found a shadowy altar of Dithmenos.
  4108 | D:4      | Noticed an ogre
  4128 | D:4      | Killed an ogre
  4234 | D:5      | Entered Level 5 of the Dungeon
  4375 | D:5      | Found a sacrificial altar of Ru.
  4388 | D:5      | Noticed Sigmund
  4392 | D:5      | Reached skill level 5 in Fighting
  4392 | D:5      | Reached XP level 7. HP: 32/56 MP: 8/8
  4510 | D:5      | Killed Sigmund
  4566 | D:5      | Found a glowing drain.
  4586 | D:5      | Reached *** piety under Lugonu
  4603 | Sewer    | Entered a sewer
  4634 | Sewer    | Reached skill level 5 in Axes
  4964 | Sewer    | Reached **** piety under Lugonu
  5089 | Sewer    | Reached skill level 6 in Axes
  5089 | Sewer    | Reached XP level 8. HP: 59/65 MP: 9/9
  5964 | D:6      | Found a hide-covered altar of Uskayaw.
  6148 | D:6      | Reached skill level 5 in Invocations
  6541 | D:4      | Bought a scroll of identify for 64 gold pieces
  6541 | D:4      | Bought a steel ring for 160 gold pieces
  6541 | D:4      | Bought a fuming amethyst potion for 28 gold pieces
  6541 | D:4      | Bought a fluorescent wand for 128 gold pieces
  6880 | D:7      | Reached XP level 9. HP: 64/71 MP: 13/13
  7061 | D:7      | Corrupted D:7
  7061 | D:7      | Noticed a bone dragon
  7061 | D:7      | Noticed a starcursed mass
  7540 | D:7      | Found a staircase to the Ecumenical Temple.
  7574 | D:7      | Found a basalt altar of Yredelemnul.
  7752 | D:8      | Found an iron altar of Okawaru.
  7762 | D:8      | Noticed a two-headed ogre
  7791 | D:8      | Killed a two-headed ogre
  7891 | D:8      | Noticed a two-headed ogre
  7931 | D:8      | Reached skill level 7 in Axes
  8346 | D:8      | Reached XP level 10. HP: 74/77 MP: 15/15
  8977 | D:8      | You fall into a shaft and drop 2 floors!
  8977 | D:10     | Entered Level 10 of the Dungeon
  9038 | D:10     | Reached skill level 5 in Armour
  9136 | D:10     | Noticed an unseen horror
  9147 | D:10     | Banished an unseen horror
  9507 | D:10     | Found a burning altar of Makhleb.
  9542 | D:10     | Reached skill level 1 in Shields
  9609 | D:10     | Found Jusahyun's Profane Products.
  9697 | D:10     | Identified a scroll of acquirement
  9699 | D:10     | Got the +0 cloak "Garuubuf" {Str+2 Dex+3}
  9754 | D:10     | Got a pair of jewelled boots
  9768 | D:10     | Identified the cursed +0 pair of boots of the Morning {Harm
                  | rC- rCorr Str+2} (You found it on level 10 of the Dungeon)
  9826 | D:10     | Noticed Fannar
 10225 | D:9      | Found a runed translucent door.
 10226 | D:9      | Noticed Erica
 10257 | D:9      | Killed Erica
 10257 | D:9      | Reached skill level 5 in Throwing
 10263 | D:9      | Noticed a fire dragon
 10272 | D:9      | Noticed an ice dragon
 10508 | D:9      | Noticed a fire dragon
 10509 | D:9      | Noticed an ice dragon
 10512 | D:9      | Found the +2 shield of Resistance {rF+ rC+ MR+}
 10521 | D:9      | Found a runed translucent door.
 10604 | D:9      | Noticed Joseph
 10616 | D:9      | Killed Joseph
 10616 | D:9      | Reached XP level 11. HP: 83/83 MP: 16/16
 10768 | D:9      | Found Ylyduxt's Assorted Antiques.
 10774 | D:9      | Bought an amethyst potion for 26 gold pieces
 10774 | D:9      | Bought a fuming amethyst potion for 26 gold pieces
 10974 | D:9      | Noticed a two-headed ogre
 11005 | D:9      | Killed a two-headed ogre
 11364 | D:8      | Reached skill level 8 in Axes
 11652 | D:8      | Killed a two-headed ogre
 11832 | D:10     | Noticed Maurice
 11853 | D:10     | Killed Maurice
 11853 | D:10     | Reached skill level 9 in Axes
 12122 | D:10     | Reached skill level 10 in Axes
 12139 | D:10     | Reached ***** piety under Lugonu
 13107 | D:10     | Reached XP level 12. HP: 89/89 MP: 16/18
 13367 | D:10     | Killed Fannar
 13642 | D:10     | Bought a +0 demon whip for 180 gold pieces
 13696 | D:11     | Found a staircase to the Lair.
 13730 | D:11     | Reached skill level 1 in Maces & Flails
 13970 | D:11     | Noticed a five-headed hydra
 13979 | D:11     | Killed a five-headed hydra
 14009 | D:11     | Reached skill level 5 in Maces & Flails
 14192 | D:11     | Found a roughly hewn altar of Beogh.
 14192 | D:11     | Found a staircase to the Orcish Mines.
 14647 | D:11     | Found Raqy's Antique Armour Shop.
 15747 | Lair:1   | Entered Level 1 of the Lair of Beasts
 16242 | Lair:1   | Noticed a four-headed hydra
 16259 | Lair:1   | You fall into a shaft and drop 1 floor!
 16579 | Lair:2   | Identified the +1 ring mail "Ulu Kool" {Int+6 Dex+4}
 16579 | Lair:2   | Noticed a spriggan rider
 16591 | Lair:2   | Corrupted Lair:2
 16591 | Lair:2   | Noticed a tentacled starspawn
 16591 | Lair:2   | Noticed a large abomination
 16599 | Lair:2   | Noticed a cacodemon
 16602 | Lair:2   | Killed a spriggan rider
 16602 | Lair:2   | HP: 2/93 [wolf (9)]
 16622 | Lair:2   | Noticed a deep elf knight
 16698 | Lair:2   | Noticed a vampire mage
 17700 | Lair:1   | Slain by a komodo dragon

Illustrated notes

Levels and vault maps discovered:
D:1:      heliophobic_arrival_glass_houses, layout_basic
D:2:      layout_loops_ring
D:3:      layout_basic, chequers_ecumenical_altar_twisty
D:4:      layout_gridville, chequers_temple_overflow_minitemple, serial_shops,
          shop, kennysheep_mini, shop, first_ration
D:5:      layout_loops_ring, nicolae_ru_sacrificial_ziggurat,
          portal_sewer_entry_b, uniq_sigmund
D:6:      layout_rooms, eat_drink_and_be_merry_uskayaw
D:7:      layout_cave_pools, nicolae_overflow_hidden_temple,
          lemuel_temple_firewalk_b
D:8:      layout_cave_pools, serial_co_window_serial, co_window_corner_a,
          co_window_corner_a, co_window_of_opportunity_a, co_window_paths_a,
          co_window_paths_a, co_window_corner_ca, co_window_2corner,
          co_window_corner_cb, co_window_corner_cb, co_window_unsneaky_path_e,
          co_window_unsneaky_path_c, co_window_4corner_a, glass_columns_a,
          glass_columns_a, basic_altar, the_bakery
D:9:      layout_roguey, serial_shops, shop, minmay_guarded_unrand_resistance,
          uniq_joseph, uniq_erica
D:10:     lemuel_reptile_caves, layout_irregular_city, grunt_ministairs_4,
          chequers_decorated_corner, nicolae_evil_shop, uniq_maurice,
          uniq_fannar
D:11:     layout_loops_ring, dpeg_oklobed_lair, david_orc_5, serial_shops, shop
Lair:1:   layout_cave_pods, serial_bayou_shore_a
Lair:2:   layout_regular_city, grunt_forest_large_clearings

Skill      XL: |  1  2  3  4  5  6  7  8  9 10 11 12 |
---------------+-------------------------------------+-----
Axes           | 3 4 6 7 10 | 10.0
Throwing       | 2 3 6 8 |  8.5
Fighting       | 5 6 8 |  8.2
Invocations    | 5 6 8 9 |  9.1
Evocations     | 2 7 |  7.5
Armour         | 7 9 |  9.0
Shields        | 2 |  2.9
Maces & Flails | 5 |  5.9
Dodging        | |  0.8

Action                   |  1- 3 |  4- 6 |  7- 9 | 10-12 || total
-------------------------+-------+-------+-------+-------++-------
Melee: Hand axe          |    89 |   150 |   337 |   421 ||   997
       Demon whip        |       |       |       |   307 ||   307
       Battleaxe         |       |       |       |    14 ||    14
Throw: Throwing net      |     2 |     1 |       |     2 ||     5
       Dart              |       |    32 |   107 |    55 ||   194
       Javelin           |       |       |       |    17 ||    17
Invok: Depart the Abyss  |     1 |       |       |       ||     1
       Corrupt           |       |       |     1 |     1 ||     2
       Banish            |       |       |       |     3 ||     3
       Bend Space        |       |       |       |     1 ||     1
 Abil: Dig               |       |       |     1 |     1 ||     2
       Shaft Self        |       |       |       |     1 ||     1
Evoke: Wand              |       |       |     5 |    22 ||    27
  Use: Potion            |     1 |       |     1 |     7 ||     9
       Scroll            |       |     2 |     5 |    12 ||    19
 Stab: Held in net/web   |       |       |       |     3 ||     3
       Paralysed         |       |       |       |     6 ||     6
  Eat: Chunk             |     2 |     9 |    14 |    25 ||    50
       Ration            |       |       |       |     3 ||     3
Armor: Leather armour    |    25 |    38 |       |       ||    63
       Ring mail         |       |    17 |   156 |       ||   173
       Skin              |       |       |     3 |       ||     3
       Scale mail        |       |       |     2 |   348 ||   350
Dodge: Dodged            |    83 |   121 |   241 |   357 ||   802
Block: Buckler           |       |       |       |    89 ||    89

Table legend:
 A = Non-vault XP
 B = Vault XP
 C = Vault XP percentage of total XP
 D = Non-vault monster count
 E = Vault monster count
 F = Vault count percentage of total count
                 A         B        C        D         E       F
            +---------+---------+-------+---------+---------+-------
      Total |   18438 |    8233 |  30.9 |     268 |     138 |  34.0
            +---------+---------+-------+---------+---------+-------
        D:1 |      45 |       0 |   0.0 |      27 |       0 |   0.0
        D:2 |      60 |       0 |   0.0 |      18 |       0 |   0.0
        D:3 |      54 |       0 |   0.0 |      18 |       0 |   0.0
        D:4 |     293 |       0 |   0.0 |      12 |       0 |   0.0
        D:5 |     255 |     264 |  50.9 |      14 |       9 |  39.1
        D:6 |     507 |       0 |   0.0 |      18 |       0 |   0.0
        D:7 |     422 |       0 |   0.0 |      13 |       0 |   0.0
        D:8 |    3151 |     220 |   6.5 |      27 |       1 |   3.6
        D:9 |    2756 |    1353 |  32.9 |      25 |       2 |   7.4
       D:10 |    3800 |    3210 |  45.8 |      48 |      34 |  41.5
       D:11 |    5214 |    1588 |  23.3 |      42 |      24 |  36.4
     Lair:1 |    1202 |       0 |   0.0 |       3 |       0 |   0.0
     Lair:2 |     679 |    1317 |  66.0 |       3 |      14 |  82.4
      Sewer |       0 |     281 | 100.0 |       0 |      54 | 100.0
            +---------+---------+-------+---------+---------+-------
